 Dungeon Crawl Stone Soup version 0.28.0-62-gf88900778d (webtiles) character file.

Game seed: 7652176403567538539

11 croobank the Sneak (level 2, -1/21 HPs)
             Began as an Octopode Delver on Feb 23, 2023.
             Slain by a water moccasin zombie (7 damage)
             ... on level 4 of the Dungeon.
             The game lasted 00:01:12 (140 turns).

croobank the Sneak (Octopode Delver)                 Turns: 140, Time: 00:01:13

Health: -1/21      AC:  1    Str: 11    XL:     2   Next: 29%
Magic:  2/2        EV: 13    Int: 12    God:
Gold:   10         SH:  0    Dex: 13    Spells: 1/1 levels left

rFire   . . .      SeeInvis .   a - +0 hand axe
rCold   . . .      Faith    .   (no shield)
rNeg    . . .      Spirit   .   (helmet restricted)
rPois   .          Reflect  .   (no amulet)
rElec   .          Harm     .   (no ring)
rCorr   .          Rampage  .   (no ring)
Will    .....                   (no ring)
Stlth   ++++......              (no ring)
HPRegen 0.07/turn               (no ring)
MPRegen 0.08/turn               (no ring)
                                (no ring)
                                (no ring)

@: hasted, very quick
A: almost no armour, amphibious, 8 rings, camouflage 1, gelatinous body 1,
(nimble swimmer 1), tentacles
a: no special abilities


You were on level 4 of the Dungeon.
You visited 1 branch of the dungeon, and saw 3 of its levels.

You collected 10 gold pieces.

Inventory:

Hand Weapons
 a - a +0 hand axe (weapon)
 g - a +0 hunting sling
Wands
 f - a wand of digging (2)
Scrolls
 b - a scroll of fog
 h - a scroll of torment {unknown}
Potions
 d - 2 potions of ambrosia {unknown}


   Skills:
 + Level 3.1 Fighting
 + Level 2.2 Axes
 + Level 2.2 Dodging
 + Level 6.8 Stealth


You had one spell level left.
You didn't know any spells.
Your spell library was empty.

Dungeon Overview and Level Annotations

Branches:
Dungeon (6/15)
 Temple: D:4-7

Altars:
Ashenzari

Portals:
Ossuary: D:6


Innate Abilities, Weirdness & Mutations

You cannot wear most types of armour.
You are amphibious.
You can wear up to eight rings at the same time.
Your skin changes colour to match your surroundings (Stealth+).
Your rubbery body absorbs attacks. (AC +1, EV +1)
((You are camouflaged when in or above water. (Stealth+)))
You have tentacles for arms and can constrict up to eight enemies at once.


Message History

An ogre comes into view. It is wielding a +0 giant spiked club.
Found 3 scrolls labelled IBUHOP JOIFU.
You see here 10 gold pieces.
You now have 10 gold pieces.
As you read the scroll of magic mapping, it crumbles to dust.
You feel aware of your surroundings.
You sensed 1 altar, and 1 shop/portal.
Aiming: Dig
Press: ? - help, Shift-Dir - straight line A rock wall.
The rock shatters into small pieces.
Found a stone staircase leading up.
An ogre comes into view. It is wielding a +0 giant club.
There is a stone staircase leading up here.
You climb upwards.
There is a stone staircase leading down here.
The adder hisses angrily.
You hit the adder. You grab the adder. You squeeze the adder.
You kill the adder!
The quokka bites you.
You have reached level 2!
You hit the quokka. You grab the quokka. You squeeze the quokka.
You kill the quokka!
A water moccasin zombie comes into view.
You slash the water moccasin zombie! You grab the water moccasin zombie.
You squeeze the water moccasin zombie, but do no damage.
The water moccasin zombie is lightly damaged.
You constrict the water moccasin zombie.
The water moccasin zombie bites you. The water moccasin zombie bites you!
You are too injured to fight recklessly!
You are too injured to fight recklessly!
You hit the water moccasin zombie.
Your squeeze misses the water moccasin zombie.
The water moccasin zombie is moderately damaged.
You constrict the water moccasin zombie.
The water moccasin zombie bites you.
* * * LOW HITPOINT WARNING * * *
You feel yourself speed up.
You constrict the water moccasin zombie.
The water moccasin zombie bites you!
You die...

.... ....##.. .
#... #........ ..
...###.....#..
...##............
.....#........#..
.................
.................
......†@.>.#
......Z....#
.......##.##
#...... ...#
#...... ...#
...........#
............
.......##...#


You could see a water moccasin zombie.

Vanquished Creatures
  An adder (D:4)
  A kobold (D:6)
  A quokka (D:4)
3 creatures vanquished.

Notes
Turn   | Place    | Note
-------+----------+-------------------------------------------
     0 | D:5      | croobank the Octopode Delver began the quest for the Orb.
     0 | D:5      | Reached XP level 1. HP: 16/16 MP: 1/1
    11 | D:6      | Found a sand-covered staircase.
    14 | D:6      | Noticed a kobold brigand
    14 | D:6      | Noticed a hound
    60 | D:5      | Noticed a sky beast
    70 | D:5      | Found a broken altar of Ashenzari.
    71 | D:5      | Noticed an ogre
    87 | D:5      | Noticed an ogre
    94 | D:4      | Reached XP level 2. HP: 18/21 MP: 2/2
   140 | D:4      | Slain by a water moccasin zombie

Illustrated notes

Levels and vault maps discovered:
D:4:      layout_cave_pools, overflow_temple_1_default, kennysheep_mini,
          uniq_sigmund
D:5:      layout_basic, nicolae_ashenzari_panopticon, fedhas_altar_2,
          serial_shops, nicolae_stop_n_shop_1
D:6:      layout_layer_cave, nicolae_ossuary_entry_monument, uniq_duvessa

Action                   || total
-------------------------++-------
Melee: Hand axe          ||     6
       Constrict         ||     4
       Tentacles         ||     3
Evoke: Wand              ||     1
  Use: Scroll            ||     2
       Potion            ||     1
 Stab: Sleeping          ||     1
Dodge: Dodged            ||     1
